Map: Abyssal Reef LE

Players

qbeN - Winner!

  • Race: Protoss Protoss
  • Spawn Location: 5:00

WhiteWolf

  • Race: Terran Terran
  • Spawn Location: 11:00

Event: IEM XI Katowice - World Championship 2017

VOD

Have the link to the VOD?

Description

Time

  • Played on: Feb. 28, 2017, 9:34 a.m.
  • Length: 12:02

All games in this series

Show
View Real Time Build Order
Export as new Build Order

qbeN Protoss - Winner!

Build Orders: 1 Gate Expand, Oracle Opening 

Get SALT Encoding   

  12  0:00  Probe (Chrono Boost)  
  13  0:11  Probe (Chrono Boost)  
  14  0:18  Pylon  
  14  0:22  Probe (Chrono Boost)  
  15  0:36  Probe (Chrono Boost)  
  15  0:37  Gateway  
  16  0:47  Probe (Chrono Boost)  
  16  0:48  Assimilator  
  17  0:57  Probe (Chrono Boost)  
  18  1:08  Probe (Chrono Boost)  
  19  1:18  Probe (Chrono Boost)  
  20  1:28  Nexus  
  20  1:38  Cybernetics Core  
  20  1:42  Probe (Chrono Boost)  
  21  1:47  Assimilator  
  21  1:53  Probe (Chrono Boost)  
  22  1:58  Pylon  
  22  2:04  Probe (Chrono Boost)  
  23  2:14  Adept  
  23  2:15  Warp Gate  
  23  2:20  Mothership Core (Chrono Boost)  
  26  2:41  Probe (Chrono Boost)  
  26  2:43  Probe (Chrono Boost)  
  29  2:44  Adept  
  29  2:51  Probe (Chrono Boost)  
  29  2:54  Probe (Chrono Boost)  
  29  2:55  Stargate  
  31  3:02  Probe (Chrono Boost)  
  31  3:04  Probe (Chrono Boost)  
  34  3:12  Probe (Chrono Boost)  
  34  3:15  Adept, Probe (Chrono Boost)  
  37  3:23  Probe (Chrono Boost)  
  37  3:25  Probe (Chrono Boost)  
  39  3:33  Oracle  
  40  3:34  Probe (Chrono Boost)  
  40  3:36  Probe (Chrono Boost)  
  40  3:41  Pylon  
  44  3:46  Probe x2 (Chrono Boost)  
  46  3:51  Assimilator  
  46  3:54  Assimilator, Pylon  
  46  3:59  Pylon, Probe (Chrono Boost)  
  46  4:00  Probe (Chrono Boost)  
  48  4:04  Oracle  
  51  4:13  Probe (Chrono Boost)  
  51  4:15  Probe (Chrono Boost)  
  53  4:19  Gateway  
  53  4:22  Sentry  
  53  4:24  Probe (Chrono Boost), Gateway  
  55  4:28  Probe (Chrono Boost)  
  57  4:35  Probe (Chrono Boost)  
  59  4:39  Pylon  
  59  4:40  Probe (Chrono Boost)  
  60  4:45  Probe (Chrono Boost)  
  60  4:46  Robotics Facility  
  60  4:50  Probe (Chrono Boost)  
  61  4:56  Probe (Chrono Boost)  
  62  5:04  Probe (Chrono Boost)  
  63  5:10  Probe (Chrono Boost)  
  58  5:15  Probe (Chrono Boost)  
  58  5:21  Probe (Chrono Boost)  
  60  5:22  Adept x3  
  60  5:25  Probe (Chrono Boost)  
  60  5:28  Forge  
  67  5:30  Forge  
  67  5:34  Pylon  
  68  5:35  Robotics Bay, Observer  
  68  5:38  Probe x2 (Chrono Boost)  
  70  5:45  Pylon  
  70  5:59  Protoss Ground Armor Level 1  
  70  6:01  Protoss Ground Weapons Level 1  
  70  6:03  Nexus  
  70  6:05  Pylon  
  70  6:17  Colossus, Stalker  
  70  6:18  Stalker x2  
  76  6:23  Extended Thermal Lance  
  82  6:44  Gateway  
  82  6:47  Gateway  
  82  6:50  Gateway  
  82  6:54  Probe x2 (Chrono Boost)  
  84  7:02  Sentry x2  
  84  7:04  Colossus  
  84  7:07  Probe x2 (Chrono Boost)  
  96  7:16  Probe (Chrono Boost)  
  96  7:19  Probe x2 (Chrono Boost)  
  99  7:23  Twilight Council  
  99  7:26  Probe (Chrono Boost)  
  99  7:27  Stalker x2  
  105  7:31  Probe x2 (Chrono Boost)  
  105  7:32  Stalker  
  102  7:42  Stalker  
  104  7:46  Pylon  
  104  7:50  Stalker  
  104  7:51  Stalker  
  108  7:57  Stalker x2  
  113  8:07  Probe (Chrono Boost)  
  113  8:08  Probe x2 (Chrono Boost)  
  113  8:09  Adept x2  
  115  8:18  Protoss Ground Weapons Level 2  
  115  8:19  Adept  
  106  8:20  Adept  
  106  8:21  Protoss Ground Armor Level 2  
  106  8:23  Probe (Chrono Boost)  
  106  8:27  Pylon, Probe (Chrono Boost)  
  105  8:28  Pylon, Probe (Chrono Boost)  
  105  8:34  Oracle, Charge  
  106  8:35  Probe (Chrono Boost)  
  103  8:46  Observer  
  105  8:50  Probe x3 (Chrono Boost)  
  105  8:54  Assimilator  
  107  8:55  Pylon  
  107  8:58  Assimilator  
  107  8:59  Zealot  
  107  9:00  Zealot x4  
  117  9:08  Templar Archives  
  117  9:15  Immortal  
  124  9:24  Probe x2 (Chrono Boost)  
  124  9:25  Probe (Chrono Boost)  
  124  9:29  Zealot  
  124  9:30  Zealot x3  
  132  9:32  Pylon  
  132  9:33  Psionic Storm  
  132  9:34  Pylon  
  132  9:39  Pylon  
  132  9:52  Nexus  
  132  9:54  Pylon  
  132  9:58  High Templar x3  
  138  10:04  Photon Cannon  
  138  10:06  Photon Cannon  
  138  10:11  Immortal  
  138  10:13  High Templar  
  144  10:17  Probe x2 (Chrono Boost)  
  146  10:26  Zealot, High Templar  
  150  10:31  High Templar  
  150  10:33  Zealot x2  
  156  10:37  Gateway  
  156  10:39  Gateway x2  
  154  10:56  Warp Prism  
  152  10:57  High Templar  
  152  10:58  Zealot x4  
  162  11:16  Stalker  
  164  11:29  Zealot x4  
  141  11:58  Archon x2  
Show
View Real Time Build Order
Export as new Build Order

WhiteWolf Terran 

Build Orders: Reaper Expand, MMM Bio 

Get SALT Encoding   

  12  0:00  SCV  
  13  0:12  SCV  
  14  0:17  Supply Depot  
  14  0:24  SCV  
  15  0:39  SCV  
  15  0:40  Barracks  
  16  0:44  Refinery  
  16  0:51  SCV  
  17  1:03  SCV  
  18  1:15  SCV  
  19  1:27  Reaper  
  19  1:28  Orbital Command  
  20  1:43  Command Center  
  20  1:54  SCV  
  21  2:04  Supply Depot  
  21  2:06  Barracks Reactor  
  21  2:07  SCV  
  22  2:19  SCV  
  23  2:23  Factory  
  23  2:26  Refinery  
  23  2:41  SCV  
  23  2:42  Marine x2  
  25  2:53  Engineering Bay, SCV  
  25  2:58  Orbital Command  
  26  3:00  Marine x2  
  28  3:09  Factory Reactor  
  28  3:12  Starport  
  28  3:15  SCV  
  29  3:23  Missile Turret  
  29  3:24  Missile Turret, SCV  
  30  3:27  SCV  
  30  3:28  Marine x2  
  33  3:37  SCV  
  33  3:39  SCV  
  35  3:45  Widow Mine x2  
  35  3:47  Marine  
  35  3:48  Marine  
  41  3:49  SCV  
  41  3:51  SCV  
  41  3:52  Medivac  
  45  4:01  SCV  
  46  4:08  Barracks  
  46  4:10  Supply Depot  
  46  4:11  Supply Depot  
  46  4:31  Marine x2, Widow Mine x2, SCV  
  51  4:40  SCV  
  51  4:43  SCV  
  53  4:47  Barracks  
  53  4:49  Barracks  
  53  4:50  Barracks  
  53  4:51  Barracks  
  53  4:52  SCV  
  54  4:55  SCV  
  50  5:12  SCV x2  
  50  5:24  SCV x2  
  50  5:30  Marine x2, Supply Depot  
  50  5:31  Supply Depot, Barracks Tech Lab  
  52  5:39  SCV x2  
  52  5:41  Supply Depot  
  54  5:48  Marine x2  
  56  5:50  Missile Turret, Barracks Tech Lab  
  56  5:51  Barracks Tech Lab, Barracks Reactor  
  56  5:52  Marine, Stimpack  
  56  5:53  SCV  
  56  5:54  SCV  
  59  5:57  Refinery  
  59  6:04  Supply Depot  
  59  6:05  SCV  
  59  6:06  SCV  
  59  6:09  Marine x2, Marauder  
  59  6:10  Marauder  
  59  6:11  Marauder  
  69  6:12  Combat Shields  
  69  6:13  Concussive Shells  
  69  6:18  SCV x2  
  71  6:22  Liberator  
  71  6:25  Marine  
  71  6:26  Refinery  
  72  6:34  Marine x3  
  72  6:35  Marine  
  72  6:36  Widow Mine, Marauder x3  
  87  6:45  Medivac  
  89  6:51  Terran Infantry Weapons Level 1  
  89  6:55  SCV x2  
  91  7:02  Marine x3  
  91  7:03  Barracks Reactor  
  91  7:08  Supply Depot  
  94  7:22  Supply Depot x2  
  94  7:29  Marine x2, Medivac  
  102  7:30  Marauder x2  
  102  7:40  Command Center  
  102  7:43  Marine x4  
  102  7:44  SCV x2  
  108  7:48  Marauder  
  112  7:51  Marauder  
  112  7:55  Marine  
  112  7:56  Marine x2, SCV x2  
  117  8:01  Marine  
  118  8:06  Widow Mine  
  118  8:11  Marauder  
  93  8:20  Marine x6  
  93  8:21  Marauder x2  
  93  8:27  Medivac x2  
  90  8:33  Marauder  
  88  8:34  Supply Depot  
  88  8:41  Factory Reactor  
  88  8:45  Supply Depot  
  88  8:46  Liberator x2, Supply Depot  
  88  8:48  Fusion Core  
  88  8:50  Marine  
  88  8:51  Marine x5  
  94  9:00  Marine x2  
  96  9:05  SCV  
  103  9:22  SCV, Orbital Command  
  103  9:23  SCV  
  103  9:24  Marine x6  
  111  9:32  Widow Mine x2  
  111  9:35  SCV x2  
  111  9:37  Marine x2  
  111  9:38  Marauder  
  121  9:49  Marine x5  
  126  9:54  Starport  
  126  9:57  Armory, Engineering Bay  
  126  9:58  Terran Infantry Armor Level 1  
  126  10:06  SCV x3  
  129  10:13  Liberator x2  
  129  10:18  SCV  
  130  10:27  Marine x2  
  130  10:28  Marine x4  
  135  10:29  Widow Mine x2, Marauder x3  
  135  10:32  Starport Tech Lab  
  152  10:36  SCV x2  
  152  10:40  Liberator, Command Center  
  147  10:53  SCV x3  
  147  10:55  Liberator  
  147  10:56  Marine x7  
  142  10:57  Marauder x2  
  149  11:05  SCV  
  150  11:16  Marine x5  
  150  11:17  Marine  
  157  11:24  Marauder  
  157  11:28  Widow Mine  
  157  11:38  Supply Depot  
  157  11:39  Supply Depot, Marauder  

Tags
 
Add a new tag
Caveats
  • Supply blocks, unpowered buildings, or Contaminate may cause inaccurate times.
  • Supply counts are checked every 10 seconds.